 Dungeon Crawl Stone Soup version 0.30.0-10-gfe55d96785 (webtiles) character file.

Game seed: 7123016935935175674

158 GigaChad the Shield-Bearer (level 5, -1/42 HPs)
             Began as a Formicid Fighter on May 15, 2023.
             Slain by GigaChad's ghost (10 damage)
             ... on level 3 of the Dungeon.
             The game lasted 00:02:16 (1574 turns).

GigaChad the Shield-Bearer (Formicid Fighter)       Turns: 1574, Time: 00:02:17

Health: -1/42      AC: 12    Str: 22    XL:     5   Next: 67%
Magic:  5/5        EV:  6    Int:  8    God:
Gold:   113        SH:  5    Dex: 13    Spells: 4/4 levels left

rFire   . . .        a - +0 war axe (venom)
rCold   . . .        c - +0 buckler
rNeg    . . .        f - +0 plate armour
rPois   .            (helmet unavailable)
rElec   .            (no cloak)
rCorr   .            (no gloves)
SInv    +            (no boots)
Will    .....        (no amulet) Stlth
                     (no ring)
HPRegen 0.27/turn    (no ring)
MPRegen 0.09/turn

%: no passive effects
@: no status effects
A: permanent stasis, dig shafts and tunnels, antennae 3, four strong arms
a: Dig, Shaft Self


You were on level 3 of the Dungeon.
You visited 1 branch of the dungeon, and saw 3 of its levels.

You collected 113 gold pieces.

Inventory:

Hand Weapons
 a - a +0 war axe of venom (weapon)
Armour
 b - a +0 scale mail
 c - a +0 buckler (worn)
 f - a +0 plate armour (worn)
Jewellery
 h - a ring of ice
 j - an amulet of guardian spirit
Scrolls
 k - a scroll of noise
Potions
 d - a potion of might
 e - a potion of haste {unknown}
 g - 4 potions of curing {unknown}
 i - a potion of heal wounds {unknown}
 l - a potion of berserk rage {unknown}
 o - a potion of attraction {unknown}
 p - a potion of brilliance {unknown}


   Skills:
 + Level 3.8 Fighting
 + Level 3.5 Axes
 + Level 4.4 Armour
 + Level 0.4 Dodging
 + Level 5.0 Shields


You had 4 spell levels left.
You didn't know any spells.
Your spell library was empty.

Dungeon Overview and Level Annotations

Branches:
Dungeon (3/15)

Altars:

Annotations:
D:3 GigaChad's ghost, amateur GnGl


Innate Abilities, Weirdness & Mutations

You cannot be hasted, slowed, berserked, paralysed or teleported.
You can dig through walls and to a lower floor.
You have a pair of large antennae on your head. (SInv)
Your four strong arms can wield two-handed weapons with a shield.


Message History

GigaChad's ghost hits you.
GigaChad's ghost droops like a melted candle.
GigaChad's ghost hits you but does no damage.
You completely miss GigaChad's ghost.
GigaChad's ghost is moderately damaged.
GigaChad's ghost hits you.
You miss GigaChad's ghost.
GigaChad's ghost is lightly damaged.
GigaChad's ghost hits you!
You closely miss GigaChad's ghost.
GigaChad's ghost is lightly damaged.
GigaChad's ghost whispers, "There is no future for you."
GigaChad's ghost hits you! GigaChad's ghost hits you.
You barely miss GigaChad's ghost.
GigaChad's ghost is lightly damaged.
GigaChad's ghost hits you.
* * * LOW HITPOINT WARNING * * *
You miss GigaChad's ghost.
GigaChad's ghost is lightly damaged.
GigaChad's ghost barely misses you.
GigaChad's ghost screams, "They lied to you.
The Dungeon just goes down and down forever."
You block GigaChad's ghost's attack.
You closely miss GigaChad's ghost.
GigaChad's ghost is lightly damaged.
GigaChad's ghost hits you but does no damage.
You hit GigaChad's ghost.
GigaChad's ghost is moderately damaged.
GigaChad's ghost hits you but does no damage.
You closely miss GigaChad's ghost.
GigaChad's ghost is moderately damaged.
GigaChad's ghost hits you.
* * * LOW HITPOINT WARNING * * *
GigaChad's ghost hits you but does no damage.
You completely miss GigaChad's ghost.
GigaChad's ghost is moderately damaged.
GigaChad's ghost barely misses you.
You completely miss GigaChad's ghost.
GigaChad's ghost is moderately damaged.
GigaChad's ghost hits you!
You die...

##...........### ##.#.
..#..##.##.....#~#....
##.#....##.....#[#...
........##.#####~#..#
{
...............#~#..#
{ #####...##..#.##~#.#
{ <)..........#..#~#.#
#####...###.##.#W#.#
##......##.[@..# #
##.######.# #........#
##########


You could see GigaChad's ghost.

Vanquished Creatures
  4 gnolls (D:3)
  6 adders
  A worm (D:2)
  5 dart slugs
  4 bats
  8 endoplasms
  A giant cockroach (D:3)
  4 goblins
  8 hobgoblins
  2 quokkas
  6 ball pythons
  A frilled lizard (D:2)
  7 kobolds
57 creatures vanquished.

Notes
Turn   | Place    | Note
-------+----------+-------------------------------------------
     0 | D:1      | GigaChad the Formicid Fighter began the quest for the Orb.
     0 | D:1      | Reached XP level 1. HP: 18/18 MP: 1/1
    96 | D:1      | Reached XP level 2. HP: 22/24 MP: 2/2
   601 | D:1      | Reached XP level 3. HP: 29/29 MP: 3/3
   955 | D:2      | Reached XP level 4. HP: 37/37 MP: 4/4
  1468 | D:3      | Reached XP level 5. HP: 38/42 MP: 5/5
  1531 | D:3      | Found a runed translucent door.
  1536 | D:3      | Noticed GigaChad's ghost (amateur GnGl)
  1556 | D:3      | Reached skill level 5 in Shields
  1574 | D:3      | Slain by GigaChad's ghost

Illustrated notes

Levels and vault maps discovered:
D:1:      dpeg_arrival_tiny_g, layout_loops_corners
D:2:      layout_basic
D:3:      layout_loops_ring, ebering_ghost_sewer_d, uniq_crazy_yiuf_cottage

Skill      XL: |  1  2  3  4  5 |
---------------+----------------+-----
Armour         | 4 |  4.4
Axes           | 3 |  3.5
Shields        | 5 |  5.0
Fighting       | |  3.8
Dodging        | |  0.4

Action                     |  1- 3 |  4- 6 || total
---------------------------+-------+-------++-------
  Melee: War axe           |    70 |    73 ||   143
    Use: Scroll            |     3 |     5 ||     8
 Armour: Scale mail        |    21 |       ||    21
         Plate armour      |    10 |    42 ||    52
  Dodge: Dodged            |    33 |    14 ||    47
  Block: Buckler           |    16 |    21 ||    37
